 Dungeon Crawl Stone Soup version 0.31-a0-640-g39d97e502b (webtiles) character file.

Game seed: 2243617537191726468

4 arthad the Firebug (level 1, -2/11 HPs)
             Began as an Octopode Fire Elementalist on Aug 29, 2023.
             Slain by a gnoll
             ... wielding a +0 flail
              (6 damage)
             ... on level 1 of the Dungeon.
             The game lasted 00:00:58 (218 turns).

arthad the Firebug (Octopode Fire Elementalist)      Turns: 218, Time: 00:00:59

Health: -2/11      AC:  1    Str:  7    XL:     1   Next: 70%
Magic:  0/3        EV: 13    Int: 17    God:
Gold:   0          SH:  0    Dex: 12    Spells: 3/4 levels left

rFire   . . .        (no weapon)
rCold   . . .        (no shield)
rNeg    . . .        (helmet restricted)
rPois   .            b - amulet of regeneration
rElec   .            (no ring)
rCorr   .            (no ring)
SInv    .            (no ring)
Will    .....        (no ring)
Stlth   +++          (no ring)
HPRegen 1.01/turn    (no ring)
MPRegen 0.08/turn    (no ring)
                     (no ring)

%: no passive effects
@: no status effects
A: almost no armour, amphibious, 8 rings, camouflage 1, gelatinous body 1,
(nimble swimmer 1), tentacles
a: no special abilities


You were on level 1 of the Dungeon.
You visited 1 branch of the dungeon, and saw 1 of its levels.

Inventory:

Jewellery
 b - an amulet of regeneration (around mantle)
Potions
 a - a potion of magic
 c - a potion of berserk rage {unknown}


   Skills:
 + Level 0.0 Fighting
 + Level 2.1 Dodging
 + Level 2.8 Stealth
 * Level 2.0 Spellcasting
 * Level 1.1 Conjurations
 * Level 3.0 Fire Magic


You had 3 spell levels left.
You knew the following spells:

 Your Spells              Type           Power      Damage    Failure   Level
a - Foxfire               Conj/Fire      32%        2x1d5     9%          1

Your spell library contained the following spells:

 Spells                   Type           Power      Damage    Failure   Level
 Scorch                   Fire           24%        2d6       9%          2
 Inner Flame              Hex/Fire       6%         N/A       30%         3
 Volatile Blastmotes      Fire/Tloc      12%        2d11      30%         3
 Flame Wave               Conj/Fire      8%         2d5       63%         4


Dungeon Overview and Level Annotations

Branches:
Dungeon (1/15)

Altars:


Innate Abilities, Weirdness & Mutations

You cannot wear most types of armour.
You are amphibious.
You can wear up to eight rings at the same time.
Your skin changes colour to match your surroundings (Stealth+).
Your rubbery body absorbs attacks. (AC +1, EV +1)
((You are camouflaged when in or above water. (Stealth+)))
You have tentacles for arms and can constrict up to eight enemies at once.


Message History

Nothing appears to happen.
The hobgoblin closely misses you.
You are out of magic!
The hobgoblin hits you.
You closely miss the hobgoblin. You grab the hobgoblin.
You squeeze the hobgoblin.
You kill the hobgoblin!
Your magical contamination has completely faded away.
Found an escape hatch in the floor.
There is an escape hatch in the floor here.
A gnoll comes into view. It is wielding a +0 flail.
The gnoll shouts!
A gnoll is nearby!
You conjure some foxfire!
You miscast Foxfire.
You are very lightly contaminated with residual magic.
Nothing appears to happen.
The foxfire hits the gnoll.
The gnoll is lightly wounded.
The foxfire hits the gnoll.
The gnoll is lightly wounded.
You conjure some foxfire!
The foxfire hits the gnoll.
The gnoll is heavily wounded.
The foxfire hits the gnoll.
The gnoll is severely wounded.
A goblin and a kobold come into view.
A goblin comes into view. It is wielding a +0 dagger.
The gnoll hits you with a +0 flail!
Ouch! That really hurt!
* * * LOW HITPOINT WARNING * * *
Your magical contamination has completely faded away.
You barely miss the gnoll.
The goblin shouts!
You grab the gnoll.
The gnoll is severely wounded.
You constrict the gnoll. The gnoll misses you.
You tentacle-slap the gnoll but do no damage.
The gnoll is severely wounded.
You constrict the gnoll. The gnoll hits you with a +0 flail.
Ouch! That really hurt!
You die...

♣∩..♣♣♣..∩♣♣..#.###.#.#
♣∩...<...∩♣♣......#.#.#
♣∩..♣♣♣..∩♣♣.#.........
. ♣♣∩
....∩♣♣....##.###.#
⌠.♣♣. ∩∩.♣♣♣.>.###.#
#.# .... ♣♣♣♣.♣.####
#.# #.# #..♣♣♣♣♣..##
#.# #.# #.......##
####..# #.#
##...@g..#......## #..
......###...g...... ...
g.... #...........# ###
.... #.#####.##### .K.
... .# .. .## # . .


You could see a gnoll and a goblin.

Vanquished Creatures
  A bat (D:1)
  A hobgoblin (D:1)
  A kobold (D:1)
  A rat (D:1)
4 creatures vanquished.

Vanquished Creatures (others)
  18 foxfires (D:1)
18 creatures vanquished.

Grand Total: 22 creatures vanquished

Notes
Turn   | Place    | Note
-------+----------+-------------------------------------------
     0 | D:1      | arthad the Octopode Fire Elementalist began the quest for
                  | the Orb.
     0 | D:1      | Reached XP level 1. HP: 11/11 MP: 3/3
   218 | D:1      | Slain by a gnoll

Illustrated notes

Levels and vault maps discovered:
D:1:      heliophobic_arrival_henge, layout_basic, serial_bayou_crossing

Action                     || total
---------------------------++-------
  Melee: Unarmed           ||     3
         Constrict         ||     2
         Tentacles         ||     1
   Cast: Foxfire           ||     9
  Dodge: Dodged            ||     4

Table legend: (Time is in decaauts)
 A = Elapsed time spent in this place.
 B = Non-inter-level travel time spent in this place.
 C = Inter-level travel time spent in this place.
 D = Time resting spent in this place.
 E = Time spent auto-exploring this place.
 F = Levels seen in this place.
 G = Mean time per level.
                   A        B        C        D        E       F      G
               +--------+--------+--------+--------+--------+-----+--------+
         Total |    218 |    218 |      0 |      0 |    164 |   1 |  218.0 |
       Dungeon |    218 |    218 |      0 |      0 |    164 |   1 |  218.0 |
               +--------+--------+--------+--------+--------+-----+--------+

Top non-repeatable levels by time:
     D:1: 218 daAuts
